 Dungeon Crawl Stone Soup version 0.26-a0-466-g989023bd0d (webtiles) character file.

Game seed: 1242396530159487847

104540 DeltaSign the Tortoise (level 15, -13/143 HPs)
             Began as a Minotaur Berserker on July 29, 2020.
             Was the Champion of Trog.
             Killed from afar by an orc sorcerer (24 damage)
             ... with a bolt of fire
             ... on level 2 of the Orcish Mines.
             The game lasted 01:07:39 (30821 turns).

DeltaSign the Tortoise (Minotaur Berserker)        Turns: 30821, Time: 01:07:40

Health: -13/143    AC: 18    Str: 27    XL:     15   Next: 92%
Magic:  14/14      EV:  8    Int:  4    God:    Trog [******]
Gold:   3136       SH: 26    Dex: 15    Spells: 14/14 levels left

rFire    . . .     SeeInvis .   a - +3 broad axe
rCold    . . .     Faith    .   I - +0 tower shield
rNeg     . . .     Spirit   .   O - +0 plate armour
rPois    +         Reflect  +   (helmet restricted)
rElec    .         Harm     .   (no cloak)
rCorr    .                      t - +1 pair of gloves
MR       ++...                  E - +0 pair of boots
Stlth    ..........             z - amulet of reflection
HPRegen  0.33/turn              L - ring of poison resistance
MPRegen  0.14/turn              N - ring "Roex" {MR+ Str+4}

@: about to teleport, corroded, berserk cooldown, slowed, drained, very slow
A: retaliatory headbutt, horns 2
a: Berserk, Trog's Hand, Brothers in Arms, Renounce Religion


You were on level 2 of the Orcish Mines.
You worshipped Trog.
Trog was exalted by your worship.
You visited 3 branches of the dungeon, and saw 23 of its levels.
You also visited: Ossuary and Gauntlet.

You collected 3190 gold pieces.
You spent 54 gold pieces at shops.

Inventory:

Hand Weapons
 a - a +3 broad axe (weapon)
 b - a +2 hand axe of flaming
Armour
 t - a +1 pair of gloves (worn)
 E - a +0 pair of boots (worn)
 I - a +0 tower shield (worn)
 O - a +0 plate armour (worn)
Jewellery
 z - an amulet of reflection (around neck)
 L - a ring of poison resistance (left hand)
 N - the ring "Roex" (right hand) {MR+ Str+4}
   (You found it in a Gauntlet)

   [ring of protection from magic]

   It affects your strength (+4).
   It affects your resistance to hostile enchantments.
 P - the ring "Yzeduuw" {Ice rElec Str+5 Dex-3}
   (You took it off a wizard on level 13 of the Dungeon)

   [ring of ice]

   It enhances your ice magic.
   It affects your strength (+5).
   It affects your dexterity (-3).
   It makes you vulnerable to fire.
   It protects you from cold.
   It insulates you from electricity.
 Q - the ring "Myiloloz" {rN+ SInv}
   (You found it on level 13 of the Dungeon)

   [ring of positive energy]

   It protects you from negative energy.
   It lets you see invisible.
 R - an uncursed ring of flight
Wands
 e - a wand of iceblast (26)
 q - a wand of flame (74)
 y - a wand of paralysis (20)
 B - a wand of polymorph (30)
 F - a wand of clouds (16)
 G - a wand of random effects (16)
 J - a wand of acid (5)
 K - a wand of digging (12)
Scrolls
 f - 4 scrolls of fear
 g - 6 scrolls of teleportation
 h - 13 scrolls of enchant armour
 l - 21 scrolls of remove curse
 o - 4 scrolls of fog
 p - 6 scrolls of blinking
 v - 4 scrolls of immolation
 A - 8 scrolls of identify
 C - 2 scrolls of magic mapping
 D - a scroll of enchant weapon
 M - 2 scrolls of vulnerability
Potions
 c - 4 potions of mutation
 i - 5 potions of magic
 j - 5 potions of resistance
 k - 12 potions of curing
 n - a potion of ambrosia
 r - a potion of haste
 s - 3 potions of heal wounds
 u - 2 potions of might
 w - 2 potions of lignification
 x - 2 potions of stabbing
 H - 5 potions of invisibility


   Skills:
 * Level 15.9(14.7) Fighting
 * Level 18.6(17.3) Axes
 + Level 18.7(17.4) Armour
 - Level 4.5(3.6) Dodging
 * Level 15.1(13.9) Shields


You had 14 spell levels left.
You didn't know any spells.
Your spell library was empty.

Dungeon Overview and Level Annotations

Branches:
Dungeon (15/15)            Temple (0/1) D:7            Lair (6/6) D:10
  Swamp (0/4) Lair:3       Spider (0/4) Lair:2        Slime (0/5) Lair:5
    Orc (2/2) D:9             Elf (0/3) Orc:2        Vaults (0/5) D:13
 Depths (0/5) D:15        Ossuary (visited)         Gauntlet (visited)

Altars:
Ashenzari
Cheibriados
Dithmenos
Fedhas
Okawaru
Ru
Sif Muna
Uskayaw
Vehumet

Shops:
D:5 [   D:6 *   D:7 (:(   Orc:2 *?

Annotations:
D:11 exclusion: obsidian statue


Innate Abilities, Weirdness & Mutations

You reflexively headbutt those who attack you in melee.
You have a pair of horns on your head.


Message History

The orc high priest mumbles some strange prayers to Beogh.
The orc sorcerer casts a spell at you. You resist with almost no effort.
The orc high priest calls down the wrath of Beogh upon you.
Beogh smites you!
* * * LOW HITPOINT WARNING * * *
The smoke demon disappears in a puff of smoke!
You block the orc sorcerer's attack. x2
The orc high priest hits you with a +0 trident.
* * * LOW HITPOINT WARNING * * *
The orc sorcerer casts a spell at you. The bolt of negative energy hits you!!
You feel drained.
* * * LOW HITPOINT WARNING * * *
Things that are here:
a +0 trident; an orc corpse
As you read the scroll of teleportation, it crumbles to dust.
You feel strangely unstable. You block the orc high priest's attack.
The orc sorcerer casts a spell at you. The bolt of fire hits you!!
You die...

##.###..###...###
##...###))###...#.
##.#.#.###..###.#..
##...#...###..###...
##...###...###..###..
##...##.##...###..###.
##.)(##...##........###
##)))##..# ##...#.)..##
##.#)##o@## ##))..#...#
##...))3o## ##.....#.∩
#.....#4## ##.)#....
##.....3)# ##.....#.∩
##.#.##.o# ##)...#...#
##...##..# ##...#)...##
##...##3..##.....)..###
##...##.##...###).###.
####
###...###...###.)###..


You could see an orc high priest, a smoke demon (summoned), a ynoxinul
(summoned), a chaos spawn (summoned) and an orc sorcerer.

Vanquished Creatures
  Kirke (D:15)
  Louise (D:14)
  An entropy weaver (Gauntlet)
  A minotaur (Gauntlet)
  Josephine (D:12)
  An ogre mage (D:15)
  Harold (D:7)
  7 hydras
  Erica (D:10)
  3 centaur warriors
  A catoblepas (Lair:2)
  8 two-headed ogres
  5 orc high priests (Orc:2)
  A tengu warrior (D:15)
  2 unseen horrors
  A gelid demonspawn (Orc:2)
  An infernal demonspawn (Orc:2)
  A fire crab (Gauntlet)
  A torturous demonspawn (Orc:2)
  A wizard (D:13)
  4 orc knights (Orc:2)
  A lindwurm (Lair:4)
  A wolf spider (Lair:6)
  6 orc sorcerers
  4 deep elf magi
  7 ugly things
  2 manticores
  5 cyclopes
  Joseph (D:9)
  A worldbinder (Gauntlet)
  A guardian serpent (Lair:6)
  4 naga magi (D:15)
  13 black mambas
  A rust devil (Orc:2)
  4 gargoyles
  3 efreet
  A rime drake (Lair:1)
  A torpor snail (Lair:6)
  Maggie (D:7)
  19 cane toads
  6 komodo dragons
  A yaktaur (shapeshifter) (D:15)
  2 hellwings (Orc:2)
  3 demonic crawlers (D:14)
  3 meliai (Gauntlet)
  7 trolls
  6 hornets
  2 tyrant leeches
  A raiju (Lair:6)
  2 jumping spiders
  A meliai zombie (D:12)
  A slime creature (D:13)
  10 polar bears (Lair:6)
  12 hippogriffs
  3 centaur simulacra
  8 wraiths
  2 redbacks
  17 wyverns
  3 shadows
  A vampire (D:9)
  3 basilisks
  4 fire bats (Gauntlet)
  42 yaks
  3 hogs (D:15)
  2 steam dragons
  18 vampire mosquitoes
  A chaos spawn (Orc:2)
  5 swamp worms
  Menkaure (D:5)
  7 wargs
  20 water moccasins
  3 soldier ants
  An acid dragon (D:13)
  14 hell hounds (Lair:6)
  16 porcupines
  6 ice beasts
  20 orc warriors
  10 sky beasts
  14 black bears
  2 phantoms
  12 ogres
  3 boggarts
  A necrophage (D:9)
  5 centaurs (D:14)
  20 wolves
  11 crocodiles
  3 big kobolds
  4 elf zombies (Ossuary)
  18 bullfrogs
  A gnoll sergeant (Orc:1)
  A wyvern zombie (D:15)
  A wyvern skeleton (D:8)
  6 scorpions
  10 killer bees
  18 wights
  2 electric eels (D:9)
  5 howler monkeys
  4 centaur zombies
  A quasit (D:7)
  24 orc priests
  6 hounds
  6 jellies
  A gnoll shaman (D:9)
  2 human zombies (Ossuary)
  7 centaur skeletons
  8 orc wizards
  7 bullfrog skeletons
  6 iguanas
  14 worker ants
  2 killer bee zombies
  A hound skeleton (D:6)
  2 mummies (Ossuary)
  A worker ant zombie (D:8)
  21 gnolls
  8 adders
  2 shadow imps
  2 white imps
  2 ufetubi
  4 oozes
  A worm (D:2)
  2 dart slugs
  8 leopard geckos
  72 orcs
  3 ball pythons
  11 bats
  8 giant cockroaches
  10 goblins
  6 hobgoblins
  3 jackals (D:3)
  4 quokkas
  3 frilled lizards
  A goblin zombie (Ossuary)
  10 hobgoblin zombies (Ossuary)
  A jackal zombie (Ossuary)
  16 kobolds
  8 kobold zombies (Ossuary)
  A leopard gecko skeleton (D:7)
  9 orc zombies (Ossuary)
  2 quokka skeletons
  A quokka zombie (D:7)
  5 rats
  A fungus (Lair:4)
  5 plants
846 creatures vanquished.

Vanquished Creatures (others)
  A vampire (D:13)
  A bush (D:6)
  3 fungi
  18 plants
23 creatures vanquished.

Grand Total: 869 creatures vanquished

Notes
Turn   | Place    | Note
-------+----------+-------------------------------------------
     0 | D:1      | DeltaSign the Minotaur Berserker began the quest for the
                  | Orb.
     0 | D:1      | Reached XP level 1. HP: 19/19 MP: 0/0
    98 | D:1      | Reached XP level 2. HP: 27/27 MP: 1/1
   242 | D:1      | Reached XP level 3. HP: 33/33 MP: 2/2
  1027 | D:2      | Reached ** piety under Trog
  1393 | D:3      | Reached XP level 4. HP: 33/40 MP: 3/3
  1945 | D:4      | Reached skill level 5 in Axes
  2189 | D:4      | Reached XP level 5. HP: 45/47 MP: 4/4
  2790 | D:5      | Entered Level 5 of the Dungeon
  2944 | D:5      | Reached *** piety under Trog
  3075 | D:5      | Noticed an ogre
  3081 | D:5      | Killed an ogre
  3081 | D:5      | Reached skill level 5 in Fighting
  3081 | D:5      | Reached XP level 6. HP: 54/56 MP: 2/5
  3727 | D:5      | Reached XP level 7. HP: 52/61 MP: 4/6
  3967 | D:5      | Noticed Menkaure
  3973 | D:5      | Killed Menkaure
  3973 | D:5      | Reached skill level 5 in Armour
  4171 | D:5      | Found a shimmering blue altar of Sif Muna.
  4244 | D:5      | Found Ciakki's Armour Shop.
  4250 | D:5      | Bought a +0 kite shield for 54 gold pieces
  4600 | D:6      | Found Beoraw's General Store.
  4604 | D:6      | Reached skill level 1 in Shields
  4612 | D:6      | Reached XP level 8. HP: 35/70 MP: 3/7
  5827 | D:7      | Noticed Harold
  5838 | D:7      | Killed Harold
  5838 | D:7      | Reached XP level 9. HP: 79/79 MP: 8/8
  6021 | D:7      | Found Hiacs's Antique Weapon Boutique.
  6120 | D:7      | Reached skill level 10 in Axes
  6126 | D:7      | Reached **** piety under Trog
  6128 | D:7      | Reached skill level 5 in Shields
  6390 | D:7      | Found a staircase to the Ecumenical Temple.
  6778 | D:7      | Noticed Maggie
  6786 | D:7      | Killed Maggie
  6854 | D:7      | Found Boraod's Book Boutique.
  7159 | D:7      | Found Qivaicaage's Antique Weapon Shop.
  7515 | D:8      | Found a sand-covered staircase.
  7536 | Ossuary  | Entered an ossuary
  7689 | Ossuary  | Reached ***** piety under Trog
  7919 | D:8      | Identified a scroll of acquirement
  8098 | D:8      | Reached XP level 10. HP: 57/90 MP: 6/9
  8818 | D:9      | Noticed Joseph
  8833 | D:9      | Killed Joseph
  9401 | D:9      | Found an iron altar of Okawaru.
  9401 | D:9      | Found a hide-covered altar of Uskayaw.
  9467 | D:9      | Found a blossoming altar of Fedhas.
  9469 | D:9      | Found a shattered altar of Ashenzari.
  9469 | D:9      | Found a shadowy altar of Dithmenos.
  9556 | D:9      | Found a staircase to the Orcish Mines.
  9742 | D:9      | Found a radiant altar of Vehumet.
  9887 | D:9      | Received a gift from Trog
 10026 | D:9      | Noticed a two-headed ogre
 10034 | D:9      | Killed a two-headed ogre
 10610 | D:9      | Reached XP level 11. HP: 64/99 MP: 4/10
 11276 | D:10     | Entered Level 10 of the Dungeon
 11358 | D:10     | Reached skill level 10 in Fighting
 11639 | D:10     | Noticed Erica
 11680 | D:10     | Killed Erica
 11680 | D:10     | Reached skill level 10 in Armour
 12035 | D:10     | Noticed a two-headed ogre
 12048 | D:10     | Killed a two-headed ogre
 12167 | D:10     | Found a staircase to the Lair.
 12227 | D:10     | Noticed a five-headed hydra
 12240 | D:10     | Killed a one-headed hydra
 12879 | D:11     | Noticed an obsidian statue
 12880 | D:11     | Noticed a sixfirhy
 13433 | D:11     | Noticed an eight-headed hydra
 13446 | D:11     | Killed a one-headed hydra
 14193 | D:11     | Reached XP level 12. HP: 110/110 MP: 11/11
 14745 | Lair:1   | Entered Level 1 of the Lair of Beasts
 15202 | Lair:1   | Reached skill level 15 in Axes
 15361 | Lair:1   | Reached skill level 10 in Shields
 15973 | Lair:2   | Found a hole to the Spider Nest.
 15993 | Lair:2   | Noticed a catoblepas
 16022 | Lair:2   | Killed a catoblepas
 16570 | Lair:2   | Found a sacrificial altar of Ru.
 17007 | Lair:2   | Acquired a manual of Armour
 17574 | Lair:3   | Noticed a seven-headed hydra
 17587 | Lair:3   | Killed a four-headed hydra
 18261 | Lair:3   | Noticed a four-headed hydra
 18271 | Lair:3   | Killed a one-headed hydra
 18303 | Lair:3   | Found a staircase to the Swamp.
 18836 | Lair:4   | Received a gift from Trog
 18855 | Lair:4   | Reached XP level 13. HP: 117/118 MP: 12/12
 19046 | Lair:4   | You fall into a shaft and drop 2 floors!
 19046 | Lair:6   | Entered Level 6 of the Lair of Beasts
 19762 | Lair:6   | Reached skill level 15 in Armour
 20296 | Lair:6   | Paralysed by a hornet for 3 turns
 20302 | Lair:6   | HP: 5/119 [hornet (5)]
 20304 | Lair:6   | HP: 1/119 [hornet (3)]
 20741 | Lair:5   | Found a gate leading to a gauntlet.
 20752 | Gauntlet | Entered a Gauntlet
 20752 | Gauntlet | Found a transporter.
 20764 | Gauntlet | Found a transporter.
 20764 | Gauntlet | Found a transporter.
 20765 | Gauntlet | Found a transporter.
 20773 | Gauntlet | Found a transporter.
 20776 | Gauntlet | Found a transporter.
 20777 | Gauntlet | Found a transporter.
 20786 | Gauntlet | Found a transporter.
 20788 | Gauntlet | Found a transporter.
 20789 | Gauntlet | Found a transporter.
 20794 | Gauntlet | Noticed an entropy weaver
 20795 | Gauntlet | Found a runed translucent door.
 20796 | Gauntlet | Found a runed translucent door.
 20797 | Gauntlet | Found a transporter.
 20800 | Gauntlet | Found a transporter.
 20801 | Gauntlet | Found a transporter.
 20817 | Gauntlet | Found a transporter.
 21136 | Gauntlet | Reached ****** piety under Trog
 21320 | Gauntlet | Killed an entropy weaver
 21706 | Gauntlet | Noticed a minotaur
 21719 | Gauntlet | Killed a minotaur
 21797 | Gauntlet | Got a transparent lapis lazuli ring
 21983 | Lair:4   | Identified the ring "Roex" {MR+ Str+4} (You found it in a
                  | Gauntlet)
 22535 | Lair:5   | Found a staircase to the Slime Pits.
 22539 | Lair:5   | Received a gift from Trog
 22640 | Lair:5   | You fall into a shaft and drop 1 floor!
 22798 | Lair:5   | Reached XP level 14. HP: 112/129 MP: 11/13
 24433 | Lair:6   | Received a gift from Trog
 25282 | D:12     | You fall into a shaft and drop 2 floors!
 25291 | D:14     | Noticed Louise
 25322 | D:14     | Killed Louise
 25978 | D:13     | Identified the ring "Yzeduuw" {Ice rElec Str+5 Dex-3}
 26012 | D:13     | Got a sparkling jade ring
 26046 | D:13     | Identified the ring "Myiloloz" {rN+ SInv} (You found it on
                  | level 13 of the Dungeon)
 26366 | D:12     | Received a gift from Trog
 26463 | D:12     | Acquired 860 gold pieces
 26768 | D:12     | Noticed Josephine
 26780 | D:12     | Killed Josephine
 27176 | D:13     | Reached XP level 15. HP: 123/139 MP: 14/14
 27484 | D:13     | Found a snail-covered altar of Cheibriados.
 27607 | D:13     | Found a gate to the Vaults.
 28000 | D:14     | Received a gift from Trog
 28228 | D:14     | Reached skill level 15 in Fighting
 28476 | D:15     | Entered Level 15 of the Dungeon
 28613 | D:15     | Found a staircase to the Depths.
 28626 | D:15     | Paralysed by an ogre mage for 5 turns
 29277 | D:15     | Noticed Kirke
 29294 | D:15     | Killed Kirke
 29394 | D:15     | Acquired an uncursed amulet of reflection
 29542 | Orc:1    | Entered Level 1 of the Orcish Mines
 29766 | Orc:2    | Entered Level 2 of the Orcish Mines
 30028 | Orc:2    | Received a gift from Trog
 30074 | Orc:2    | Found Exomeschydap's Magic Scroll Emporium.
 30087 | Orc:2    | Found Oraptos's General Store.
 30261 | Orc:2    | Found a staircase to the Elven Halls.
 30777 | Orc:2    | Reached skill level 15 in Shields
 30821 | Orc:2    | Killed from afar by an orc sorcerer

Illustrated notes

Levels and vault maps discovered:
D:1:      lightli_iron_boxes, layout_loops_cross
D:2:      layout_rooms
D:3:      layout_rooms, minmay_strange_pillars
D:4:      layout_gridville
D:5:      layout_loops_corners, led_sif_pool, serial_shops, shop, uniq_menkaure
D:6:      layout_basic, serial_shops, shop, minmay_hedge_maze
D:7:      layout_loops_ring, minmay_temple_entry_gardened_gates, serial_shops,
          kennysheep_mini_moat, nicolae_shop_window_shopping,
          nicolae_shop_temple_entry_statues_fountains, enter_bailey_7,
          uniq_maggie, uniq_harold
D:8:      layout_layer_cave, nicolae_ossuary_entry_ruins
D:9:      cheibrodos_two_vegetables, layout_rooms, fedhas_altar_3,
          grunt_temple_overflow_open, vehumet_crystals, uniq_joseph
D:10:     layout_loops_ring, lair_entry_dummy, uniq_erica
D:11:     minmay_statue_hallways, layout_basic
D:12:     layout_rooms, hangedman_glass_teeth, uniq_josephine
D:13:     minmay_the_grid_octo_2x2 [minmay_the_grid_octo_concentric,
          minmay_the_grid_octo_vomiting_pacman, minmay_the_grid_octo_clover,
          minmay_the_grid_octo_prize_single_spiral], layout_basic
D:14:     layout_roguey, nicolae_lava_and_water, einodemon_crawler_minivault,
          uniq_louise
D:15:     grunt_enter_depths_magical_seal, layout_long_grid,
          minmay_strange_pillars, uniq_kirke
Lair:1:   layout_chaotic_city
Lair:2:   layout_gridlike, spider_nest_entry_rubble, basic_altar
Lair:3:   layout_loops_ring, palyth_hydra_swamp_entry, grunt_megastairs_2
Lair:4:   layout_gridlike, zaba_anthole
Lair:5:   cheibrodos_lair_river_kwai, layout_small_grid,
          nicolae_slime_entry_slimehenge, gauntlet_entry_generic,
          infiniplex_staircase_pool
Lair:6:   hangedman_lair_tendril_chambers, layout_regular_city,
          hangedman_lair_caniforms_friends, grunt_megastairs_4
Orc:1:    layout_caves, basic_altar, mines1_david
Orc:2:    pf_orc_diabolical, layout_caves

Skill      XL: |  1  2  3  4  5  6  7  8  9 10 11 12 13 14 15 |
---------------+----------------------------------------------+-----
Axes           | 4 5 6 7 9 11 12 14 15 16 17 18 | 18.6
Fighting       | 4 5 6 7 8 9 11 12 13 14 15 | 15.9
Armour         | 3 4 5 6 8 9 10 13 16 18 | 18.7
Dodging        | 3 4 |  4.5
Shields        | 1 4 6 7 9 10 12 13 15 | 15.1

Action                   |  1- 3 |  4- 6 |  7- 9 | 10-12 | 13-15 || total
-------------------------+-------+-------+-------+-------+-------++-------
Melee: Hand axe          |    98 |    53 |       |    23 |    24 ||   198
       Headbutt          |    15 |    13 |    56 |   177 |   334 ||   595
       War axe           |       |    27 |   306 |   224 |       ||   557
       Broad axe         |       |       |       |   506 |  1267 ||  1773
Invok: Berserk           |       |     2 |     7 |    11 |    17 ||    37
Evoke: Wand              |       |       |       |     9 |       ||     9
  Use: Scroll            |       |     9 |     6 |    12 |    10 ||    37
       Potion            |       |       |       |     1 |     7 ||     8
Armor: Ring mail         |    53 |    17 |    52 |     3 |       ||   125
       Animal skin       |     1 |       |       |       |       ||     1
       Chain mail        |       |       |       |   290 |   105 ||   395
       Plate armour      |       |       |       |       |   337 ||   337
Dodge: Dodged            |    57 |    65 |   109 |   218 |   240 ||   689
Block: Kite shield       |       |       |   145 |   317 |       ||   462
       Tower shield      |       |       |       |   123 |  1192 ||  1315
       Reflection        |       |       |       |       |     6 ||     6

Table legend: (Time is in decaauts)
 A = Elapsed time spent in this place.
 B = Non-inter-level travel time spent in this place.
 C = Inter-level travel time spent in this place.
 D = Time resting spent in this place.
 E = Time spent auto-exploring this place.
 F = Levels seen in this place.
 G = Mean time per level.
                   A        B        C        D        E       F      G
               +--------+--------+--------+--------+--------+-----+--------+
         Total |  30941 |  29841 |   1100 |   8618 |  16436 |  25 | 1237.6 |
       Dungeon |  18875 |  18028 |    847 |   5399 |   9703 |  15 | 1258.3 |
          Lair |   9304 |   9060 |    244 |   2354 |   5460 |   6 | 1550.7 |
  Orcish Mines |   1233 |   1224 |      9 |    337 |    609 |   2 |  616.5 |
       Ossuary |    388 |    388 |      0 |      0 |    226 |   1 |  388.0 |
      Gauntlet |   1139 |   1139 |      0 |    527 |    437 |   1 | 1139.0 |
               +--------+--------+--------+--------+--------+-----+--------+

Top non-repeatable levels by time:
  Lair:6: 2824 daAuts
     D:9: 2352 daAuts
    D:11: 2114 daAuts
  Lair:5: 1697 daAuts
     D:5: 1602 daAuts
     D:6: 1514 daAuts
     D:7: 1463 daAuts
  Lair:3: 1437 daAuts
  Lair:2: 1389 daAuts
     D:8: 1383 daAuts
    D:10: 1375 daAuts
    D:13: 1259 daAuts
    D:14: 1157 daAuts
Gauntlet: 1139 daAuts
  Lair:4: 1050 daAuts
